 Dungeon Crawl Stone Soup version 0.25-a0-972-g74ed164fb1 (webtiles) character file.

Game seed: 12910650489189661578, levelgen mode: deterministic

432 Maedhros the Insei (level 7, -3/43 HPs)
             Began as an Octopode Artificer on May 9, 2020.
             Was a Follower of Cheibriados.
             Slain by a wight
             ... wielding a +2 morningstar
              (16 damage)
             ... in a sewer.
             The game lasted 00:05:37 (1186 turns).

Maedhros the Insei (Octopode Artificer)             Turns: 1186, Time: 00:05:37

Health: -3/43      AC:  1    Str: 14    XL:     7   Next: 0%
Magic:  9/9        EV: 14    Int: 16    God:    Cheibriados [*.....]
Gold:   58         SH:  0    Dex: 18    Spells: 6/6 levels left

rFire    . . .     SeeInvis .     - Unarmed
rCold    . . .     Gourm    .   (no shield)
rNeg     . . .     Faith    .   (helmet restricted)
rPois    .         Spirit   .   (no amulet)
rElec    .         Reflect  .   (no ring)
rCorr    .         Harm     .   (no ring)
MR       .....     Clarity  +   (no ring)
Stlth    ++++......             (no ring)
HPRegen  0.14/turn              (no ring)
MPRegen  0.11/turn              (no ring)
                                (no ring)
                                (no ring)

@: very slow
A: almost no armour, stealthy swim, amphibious, 8 rings, constrict 8, camouflage
1, clarity, gelatinous body 1
a: Bend Time, Renounce Religion


You were in a sewer.
You worshipped Cheibriados.
Cheibriados was aware of your devotion.
You were not hungry.

You visited 2 branches of the dungeon, and saw 6 of its levels.
You also visited: Sewer.

You collected 58 gold pieces.

Inventory:

Missiles
 l - 20 poisoned darts (quivered)
Armour
 k - a +0 kite shield
Wands
 b - a wand of flame (7)
 c - a wand of enslavement (12)
 d - a wand of random effects (15)
Scrolls
 e - 3 scrolls of immolation
 g - a scroll of fog {unknown}
 h - 2 scrolls of teleportation
 i - a scroll of amnesia {unknown}
Potions
 a - a potion of brilliance {unknown}
 j - a potion of flight {unknown}
 o - a potion of stabbing
Comestibles
 f - 2 rations


   Skills:
 - Level 1.0 Fighting
   Level 1.0 Short Blades
 - Level 2.0 Dodging
 - Level 4.0 Stealth
 + Level 6.3 Unarmed Combat
 - Level 3.2 Evocations


You had 6 spell levels left.
You didn't know any spells.
Your spell library was empty.

Dungeon Overview and Level Annotations

Branches:
Dungeon (5/15)             Temple (1/1) D:5           Sewer (1/1)

Altars:
Ashenzari
Cheibriados
Elyvilon
Fedhas
Gozag
Makhleb
Nemelex Xobeh
Okawaru
Qazlal
Ru
Uskayaw
Vehumet
Xom
Zin
The Shining One


Innate Abilities, Weirdness & Mutations

You cannot wear most types of armour.
You are very stealthy in the water. (Stealth+)
You are amphibious.
You can wear up to eight rings at the same time.
You can use your tentacles to constrict eight enemies at once.
Your skin changes colour to match your surroundings (Stealth+).
Your rubbery body absorbs attacks. (AC +1, EV +1)
You possess an exceptional clarity of mind.


Message History

The puff of flame hits the wight.
The wight is heavily damaged.
You constrict the big kobold zombie. The big kobold zombie hits you.
Evoke which item? (* to show all) (? for menu, Esc to quit)
Aiming: Throw Flame
Press: ? - help, Shift-Dir - straight line, f/p - wight
Aim: a wight, wielding a +2 morningstar and wearing a +0 robe (heavily damaged)
The puff of flame hits the wight.
The wight is heavily damaged.
You constrict the big kobold zombie.
The big kobold zombie barely misses you.
You tentacle-slap the wight. Your grab misses the wight.
The wight is almost destroyed.
You constrict the big kobold zombie.
The wight hits you with a +2 morningstar!
* * * LOW HITPOINT WARNING * * *
You feel better.
You constrict the big kobold zombie.
The big kobold zombie closely misses you.
The wight hits you with a +2 morningstar!
You die...

#≈...≈# #≈...≈# #≈...≈#
≈...≈# ##'''##
#########.....##
##≈≈≈≈≈≈#..⌠.⌠..#
###......)'.......+
#∩......@z'.(._.⌠.+
###...†Z..'.......+
##≈≈≈≈≈≈#...⌠...#
##########...###
#############'#########
#≈≈≈#≈≈≈≈≈≈#...#≈≈≈≈≈≈#
#≈≈≈.†)≈≈≈)..÷..≈.≈≈≈≈#
#≈≈≈#......#...#......#
#≈≈≈#'#######≈#######'#


You could see a wight and a big kobold zombie.

Vanquished Creatures
  A phantom (D:5)
  A bullfrog (D:5)
  A scorpion (D:5)
  A wight (Sewer)
  A crimson imp (D:5)
  An orc wizard (D:5)
  A worker ant (D:5)
  A big kobold zombie (Sewer)
  2 shadow imps (Sewer)
  2 ufetubi (Sewer)
  2 oozes (Sewer)
  An adder zombie (Sewer)
  2 worms (D:3)
  A leopard gecko (D:3)
  3 orcs (D:5)
  A ball python (Sewer)
  5 bats
  2 giant cockroaches
  2 goblins (D:1)
  A hobgoblin (D:3)
  5 jackals (D:3)
  A frilled lizard (D:5)
  11 kobolds
  2 kobold zombies (Sewer)
  3 rats
54 creatures vanquished.

Vanquished Creatures (collateral kills)
  An ooze (Sewer)
  An orc (D:5)
  3 kobolds (Sewer)
5 creatures vanquished.

Vanquished Creatures (others)
  A shadow imp (Sewer)
1 creature vanquished.

Grand Total: 60 creatures vanquished

Notes
Turn   | Place    | Note
-------+----------+-------------------------------------------
     0 | D:1      | Maedhros the Octopode Artificer began the quest for the
                  | Orb.
     0 | D:1      | Reached XP level 1. HP: 13/13 MP: 3/3
   137 | D:1      | Reached XP level 2. HP: 17/18 MP: 4/4
   354 | D:3      | Reached XP level 3. HP: 14/23 MP: 5/5
   360 | D:3      | Reached skill level 1 in Unarmed Combat
   389 | D:5      | Entered Level 5 of the Dungeon
   394 | D:5      | Found a staircase to the Ecumenical Temple.
   400 | D:5      | Reached skill level 2 in Unarmed Combat
   400 | D:5      | Reached XP level 4. HP: 20/28 MP: 6/6
   417 | Temple   | Entered the Ecumenical Temple
   456 | Temple   | Became a worshipper of Xom of Chaos
   497 | Temple   | XOM: silly message
   537 | Temple   | Fell from the grace of Xom
   537 | Temple   | Became a worshipper of Cheibriados the Contemplative
   565 | D:5      | Noticed a phantom
   601 | D:5      | Reached skill level 3 in Unarmed Combat
   636 | D:5      | Noticed a bullfrog
   646 | D:5      | Killed a bullfrog
   646 | D:5      | Reached skill level 4 in Unarmed Combat
   646 | D:5      | Reached XP level 5. HP: 24/33 MP: 7/7
   685 | D:5      | Reached XP level 6. HP: 32/38 MP: 8/8
   717 | D:5      | Killed a phantom
   717 | D:5      | Reached skill level 5 in Unarmed Combat
   811 | D:5      | Found a sparkling altar of Nemelex Xobeh.
   811 | D:5      | Found an opulent altar of Gozag.
   816 | D:5      | Found a radiant altar of Vehumet.
   818 | D:5      | Found a faded altar of an unknown god.
   819 | D:5      | Found a faded altar of an unknown god.
   886 | D:5      | Found a glowing drain.
   895 | Sewer    | Entered a sewer
   950 | Sewer    | Reached * piety under Cheibriados
  1060 | Sewer    | Found an ancient bone altar of Kikubaaqudgha.
  1060 | Sewer    | XOM: give mutations
  1060 | Sewer    | Gained mutation: You occasionally shout uncontrollably at
                  | your foes. [Xom's mischief]
  1060 | Sewer    | Lost mutation: You occasionally shout uncontrollably at
                  | your foes. [Xom's mischief]
  1060 | Sewer    | Gained mutation: You possess an exceptional clarity of
                  | mind. [Xom's mischief]
  1073 | Sewer    | Reached skill level 6 in Unarmed Combat
  1147 | Sewer    | Reached XP level 7. HP: 14/43 MP: 9/9
  1186 | Sewer    | Slain by a wight

Illustrated notes

Levels and vault maps discovered:
D:1:      dpeg_arrival_tiny_f, layout_loops_ring
D:2:      layout_loops_cross, grunt_dithmenos_smoke_and_mirrors
D:3:      layout_loops_ring
D:4:      layout_cave_pods, uniq_grinder
D:5:      layout_cave_pools, chequers_temple_overflow_minitemple,
          minmay_temple_entry_sparse_star, first_ration,
          cheibrodos_sewer_entry_bend, chequers_decorated_corner
Temple:   hc_temple_tempest_star
Sewer:    kennysheep_sewer_church

Skill      XL: |  1  2  3  4  5  6 |
---------------+-------------------+-----
Stealth        | 2 4 |  4.0
Unarmed Combat | 2 4 6 |  6.3
Fighting       | |  1.0
Short Blades   | |  1.0
Dodging        | |  2.0
Evocations     | |  3.2

Action                   |  1- 3 |  4- 6 |  7- 9 || total
-------------------------+-------+-------+-------++-------
Melee: Short sword       |    42 |    11 |       ||    53
       Constrict         |    13 |    22 |     1 ||    36
       Tentacles         |     3 |    21 |       ||    24
       Unarmed           |       |    65 |     3 ||    68
       Punch             |       |     4 |       ||     4
Evoke: Wand              |     1 |     5 |     5 ||    11
  Use: Potion            |     4 |     1 |     1 ||     6
       Scroll            |     3 |       |     1 ||     4
 Stab: Sleeping          |     6 |     3 |       ||     9
  Eat: Chunk             |       |     1 |       ||     1
Armor: Skin              |     4 |     4 |       ||     8
Dodge: Dodged            |    24 |    59 |     6 ||    89

Table legend:
 A = Non-vault XP
 B = Vault XP
 C = Vault XP percentage of total XP
 D = Non-vault monster count
 E = Vault monster count
 F = Vault count percentage of total count
                 A         B        C        D         E       F
            +---------+---------+-------+---------+---------+-------
      Total |     453 |     165 |  26.7 |      33 |      26 |  44.1
            +---------+---------+-------+---------+---------+-------
        D:1 |      11 |       0 |   0.0 |       8 |       0 |   0.0
        D:2 |       2 |       0 |   0.0 |       1 |       0 |   0.0
        D:3 |      29 |       0 |   0.0 |      12 |       0 |   0.0
        D:5 |     411 |       0 |   0.0 |      12 |       0 |   0.0
      Sewer |       0 |     165 | 100.0 |       0 |      26 | 100.0
            +---------+---------+-------+---------+---------+-------
